 Dungeon Crawl Stone Soup version 0.28.0-45-g0d030f2227 (webtiles) character file.

Game seed: 18226996387410375908

27 MalarOregon the Skirmisher (level 2, 0/25 HPs)
             Began as a Palentonga Fighter on Apr 18, 2022.
             Succumbed to an adder's poison
             ... on level 2 of the Dungeon.
             The game lasted 00:02:03 (829 turns).

MalarOregon the Skirmisher (Palentonga Fighter)      Turns: 829, Time: 00:02:04

Health: 0/25       AC:  6    Str: 18 (19) XL:     2   Next: 93%
Magic:  2/2        EV:  7    Int:  6 (8)  God:
Gold:   15         SH:  4    Dex:  8 (9)  Spells: 1/1 levels left

rFire   . . .      SeeInvis +   a - +0 flail
rCold   . . .      Faith    .   c - +0 buckler
rNeg    . . .      Spirit   .   b - +0 scale mail
rPois   .          Reflect  .   (no helmet)
rElec   .          Harm     .   (no cloak)
rCorr   .          Rampage  .   (no gloves)
Will    .....                   (no barding)
Stlth   ..........              (no amulet)
HPRegen 0.08/turn               (no ring)
MPRegen 0.08/turn               (no ring)

@: mighty, lethally poisoned (0 -> -3)
A: large, rugged brown scales 3, see invisible, deformed body, roll 1, armoured
tail
a: Rolling Charge


You were on level 2 of the Dungeon.
You visited 1 branch of the dungeon, and saw 2 of its levels.

You collected 15 gold pieces.


Innate Abilities, Weirdness & Mutations

You are completely covered in rugged brown scales. (AC +3, +7% HP)
You have supernaturally acute eyesight. (SInv)
Armour fits poorly on your strangely shaped body.
You can roll at nearby foes to attack.
You have a long armoured tail.


   Skills:
 + Level 3.3 Fighting
 + Level 2.4 Maces & Flails
 + Level 2.7 Armour
 + Level 2.7 Shields


You had one spell level left.
You didn't know any spells.
Your spell library was empty.

Inventory:

Hand Weapons
 a - a +0 flail (weapon)
Armour
 b - a +0 scale mail (worn)
 c - a +0 buckler (worn)
Scrolls
 g - 2 scrolls of identify {unknown}
 h - a scroll of teleportation {unknown}
 i - a scroll of noise {unknown}

Dungeon Overview and Level Annotations

Branches:
Dungeon (2/15)

Altars:

#.........# #.#.#
#..###########
#'### #..#
#...##.†.# ###..#
#.#..###.#
.....######
#.##.'...#
###..(....#
#...†#####
#######.####.###..
#.....##.'.##†#
#.######.###@# #.#
#.#...# #.#
#†#.### #.#
#.#...# #.#
#.###.# #.#
#..†'.# #.#
####### #.# #.#


There were no monsters in sight!


Message History

You start resting.
Unknown command.
Found a masterwork helmet.
e - the +0 helmet "Nalatavo" {Harm Str-4 Dex+2}
Okay, then.
You drop the +0 helmet "Nalatavo" {Harm Str-4 Dex+2}.
An endoplasm comes into view.
The endoplasm quivers.
You completely miss the endoplasm. You tail-slap the endoplasm.
The endoplasm freezes you.
You are frozen.
The endoplasm hits you.
You hit the endoplasm.
You kill the endoplasm!
No target in view!
Found a stone staircase leading up.
Found a hunting sling and a scroll labelled IPIUROERGHATH.
Found an escape hatch in the ceiling.
Found an escape hatch in the floor.
g - 2 scrolls labelled IPIUROERGHATH (gained 1)
You open the door.
A ball python comes into view.
The ball python hisses angrily.
The ball python bites you.
There is an open door here.
You sock the ball python!
You kill the ball python!
No target in view!
No target in view!
You see here a ball python corpse.
You open the door.
A bat comes into view.
A bat is nearby!
A bat is nearby!
The bat barely misses you. The bat hits you but does no damage.
There is an open door here.
You sock the bat!
You kill the bat!
No target in view!
No target in view!
You see here a bat corpse.
As you open the door, it creaks loudly!
You hear a shout!
A hobgoblin comes into view.
The hobgoblin shouts!
There is an open door here.
A hobgoblin is nearby!
You hit the hobgoblin.
You kill the hobgoblin!
No target in view!
No target in view!
You see here a hobgoblin corpse.
You open the door.
There is an open door here.
A bat comes into view.
The bat hits you but does no damage.
A bat is nearby!
You miss the bat. The bat hits you but does no damage. x2
You closely miss the bat. The bat hits you but does no damage.
The bat hits you but does no damage. x2
There is an open door here.
You hit the bat.
You kill the bat!
No target in view!
No target in view!
You open the door.
An adder comes into view.
The adder hisses angrily.
The adder bites you.
There is an open door here.
You sock the adder! The adder bites you.
The adder bites you but does no damage.
You miss the adder. The adder bites you but does no damage.
You barely miss the adder. The adder closely misses you. The adder bites you.
You closely miss the adder.
Your tail-slap misses the adder.
The adder bites you but does no damage. The adder bites you.
You are poisoned.
The adder poisons you!
You miss the adder.
You feel very sick. The adder bites you but does no damage.
You barely miss the adder.
Your tail-slap misses the adder.
You feel sick. The adder bites you but does no damage.
You block the adder's attack.
You miss the adder.
You feel sick. The adder bites you.
* * * LOW HITPOINT WARNING * * *
The adder bites you but does no damage.
You barely miss the adder.
You feel sick. The adder barely misses you. You block the adder's attack.
You feel very mighty all of a sudden.
You feel sick.
You are no longer poisoned.
The adder bites you but does no damage.
You closely miss the adder. You block the adder's attack. The adder bites you.
* * * LOW HITPOINT WARNING * * *
You are lethally poisoned!
The adder poisons you!
You closely miss the adder.
* * * LOW HITPOINT WARNING * * *
You feel sick. You block the adder's attack. The adder closely misses you.
You sock the adder!
You kill the adder!
You die...

Action                   || total
-------------------------++-------
Melee: Flail             ||    50
       Tailslap          ||     6
  Use: Potion            ||     3
Armor: Scale mail        ||    34
Dodge: Dodged            ||    12
Block: Buckler           ||    12

Levels and vault maps discovered:
D:1:      minmay_arrival_stone_box, layout_loops_ring
D:2:      minmay_chambers_of_ones, layout_loops_ring, basic_ecumenical_altar,
          minmay_worlds_worst_comb, uniq_natasha, uniq_crazy_yiuf_cottage

Notes
Turn   | Place    | Note
-------+----------+-------------------------------------------
     0 | D:1      | MalarOregon the Palentonga Fighter began the quest for the
                  | Orb.
     0 | D:1      | Reached XP level 1. HP: 19/19 MP: 1/1
    60 | D:2      | Found a faded altar of an unknown god.
   261 | D:1      | Reached XP level 2. HP: 25/25 MP: 2/2
   487 | D:2      | HP: 5/25 [adder (2)]
   489 | D:2      | HP: 1/25 [poisoned by an adder]
   701 | D:2      | Identified the +0 helmet "Nalatavo" {Harm Str-4 Dex+2}
   825 | D:2      | HP: 6/25 [poisoned by an adder]
   828 | D:2      | HP: 1/25 [poisoned by an adder]
   829 | D:2      | Succumbed to an adder's poison

Vanquished Creatures
  2 adders (D:2)
  A dart slug (D:1)
  2 endoplasms
  A giant cockroach (D:1)
  4 hobgoblins
  2 ball pythons (D:2)
  2 bats (D:2)
  A frilled lizard (D:1)
  A kobold (D:2)
16 creatures vanquished.

Table legend:
 A = Non-vault XP
 B = Vault XP
 C = Vault XP percentage of total XP
 D = Non-vault monster count
 E = Vault monster count
 F = Vault count percentage of total count
                 A         B        C        D         E       F
            +---------+---------+-------+---------+---------+-------
      Total |      33 |      19 |  36.5 |      11 |       5 |  31.2
            +---------+---------+-------+---------+---------+-------
        D:1 |      13 |       0 |   0.0 |       6 |       0 |   0.0
        D:2 |      20 |      19 |  48.7 |       5 |       5 |  50.0
            +---------+---------+-------+---------+---------+-------

Illustrated notes

Table legend:
 A = Kills in this place as a percentage of kills in entire the game.
 B = Kills by you in this place as a percentage of kills by you in the entire game.
 C = Kills by friends in this place as a percentage of kills by friends in the entire game.
 D = Other kills in this place as a percentage of other kills in the entire game.
 E = Experience gained in this place as a percentage of experience gained in the entire game.
 F = Experience gained in this place divided by the number of levels of this place that you have seen.
                   A       B       C       D       E      F
               +-------+-------+-------+-------+-------+----------------------
         Total | 100.0 | 100.0 |   N/A |   N/A | 100.0 |  26.0
       Dungeon | 100.0 | 100.0 |   N/A |   N/A | 100.0 |  26.0
               +-------+-------+-------+-------+-------+----------------------

Table legend: (Time is in decaauts)
 A = Elapsed time spent in this place.
 B = Non-inter-level travel time spent in this place.
 C = Inter-level travel time spent in this place.
 D = Time resting spent in this place.
 E = Time spent auto-exploring this place.
 F = Levels seen in this place.
 G = Mean time per level.
                   A        B        C        D        E       F      G
               +--------+--------+--------+--------+--------+-----+--------+
         Total |    845 |    838 |      7 |    203 |    463 |   2 |  422.5 |
       Dungeon |    845 |    838 |      7 |    203 |    463 |   2 |  422.5 |
               +--------+--------+--------+--------+--------+-----+--------+

Top non-repeatable levels by time:
     D:2: 586 daAuts
     D:1: 259 daAuts
